 Dungeon Crawl Stone Soup version 0.32-a0-391-gce5c0aab1b (webtiles) character file.

Game seed: 12633916077228986929

192 ytrimaz the Chopper (level 5, -3/38 HPs)
             Began as a Coglin Gladiator on Feb 20, 2024.
             Engulfed by a cloud of flame (26 damage)
             ... on level 3 of the Dungeon.
             The game lasted 00:02:16 (1407 turns).

ytrimaz the Chopper (Coglin Gladiator)              Turns: 1407, Time: 00:02:16

Health: -3/38      AC:  6    Str: 17    XL:     5   Next: 71%
Magic:  5/5        EV: 12    Int:  7    God:
Gold:   110        SH:  0    Dex: 15    Spells: 4/4 levels left

rFire   . . .        a - +0 war axe {Cuetlachtli}
rCold   . . .        q - +10 club {Septimus}
rNeg    . . .        b - +0 leather armour
rPois   .            c - +0 helmet
rElec   .            m - +1 cloak
rCorr   .            (no gloves)
SInv    .            (no boots)
Will    .....        (no amulet)
Stlth   +            (no ring)
HPRegen 0.26/turn    (no ring)
MPRegen 0.09/turn

%: no passive effects
@: revving, stiff-legged, very slow
A: off-hand wielding, slow wielding, warmup strikes, warmup strides
a: no special abilities


You were on level 3 of the Dungeon.
You visited 1 branch of the dungeon, and saw 3 of its levels.

You collected 110 gold pieces.


Innate Abilities, Weirdness & Mutations

You can wield a second weapon in your off-hand.
It takes a long time for you to wield or remove held weapons.
Your first few attacks do less damage.
Your first movements take longer.


   Skills:
 - Level 2.0 Fighting
 + Level 5.3 Axes
 - Level 1.7 Throwing
 + Level 2.5 Armour
 - Level 2.6 Dodging


You had 4 spell levels left.
You didn't know any spells.
Your spell library contained the following spells:

 Spells                   Type           Power      Damage    Failure   Level
 Apportation              Tloc           0%         N/A       50%         1
 Necrotise                Necr           0%         1d4       50%         1
 Sting                    Conj/Alch      0%         1d3       50%         1
 Summon Small Mammal      Summ           0%         N/A       50%         1
 Vhi's Electric Charge    Tloc/Air       0%         N/A       99%         4
 Arcjolt                  Conj/Air       0%         1d10      100%        5
 Maxwell's Capacitive Co  Air            0%         ∞         100%        8

Inventory:

Hand Weapons
 a - a +0 war axe (weapon) {Cuetlachtli}
 q - a +10 club (worn) {Septimus}
   (You took it off Jessica on level 2 of the Dungeon)
Missiles
 d - 3 throwing nets (quivered)
 e - a javelin
Armour
 b - a +0 leather armour (worn)
 c - a +0 helmet (worn)
 m - a +1 cloak (worn)
   (You found it on level 2 of the Dungeon)
Wands
 r - a wand of paralysis (10)
   (You took it off Ijyb on level 3 of the Dungeon)
 s - a wand of mindburst (15)
   (You found it on level 3 of the Dungeon)
Scrolls
 f - a scroll of fear
 g - a scroll of immolation
 j - 5 scrolls of teleportation {unknown}
 n - 3 scrolls of identify {unknown}
 o - 2 scrolls of brand weapon {unknown}
 p - a scroll of torment {unknown}
Potions
 i - 2 potions of might {unknown}
 k - 4 potions of curing {unknown}
 l - a potion of resistance {unknown}

Dungeon Overview and Level Annotations

Branches:
Dungeon (3/15) Zot: 16487

Altars:

.#....##..###.##^###........#
.#.............#.###........#
.#......♣♣♣♣♣♣..............#
.#.....♣♣..♣÷♣.........######
.###..♣♣PP#####........#
.##..♣♣*P.#...#........#
....♣♣,,.P#...♣)+#######
##..♣_,,..+.ß.'.§#######
#..♣♣,,.P#(..♣.@○§...##
#...♣♣,♣P#...#.#####.##**
#....♣♣PP#####.###.....,*
####..♣♣PP♣÷♣..###.....,*
##..♣♣♣♣♣♣.####.....,*
##........####.?...,*
#############..S..,*
###############**


There were no monsters in sight!


Message History

You barely miss Ijyb with your +0 war axe.
You hit Ijyb with your +10 club. Ijyb screams, "I no like you!"
Ijyb hits you with a +0 club. 😕 HP[-5]
You take 5 damage, and now have 26/33 hp.
You barely miss Ijyb with your +0 war axe.
You hit Ijyb with your +10 club. Ijyb hits you but does no damage.
Unknown command.
You hit Ijyb with your +10 club. You hit Ijyb with your +0 war axe.
Ijyb hits you but does no damage. 😕 HP[+1]
You closely miss Ijyb with your +0 war axe.
You closely miss Ijyb with your +10 club.
Ijyb closely misses you.
You hit Ijyb with your +10 club.
You kill Ijyb!
Your Axes skill increases to level 5!
Your Armour skill increases to level 2!
You have reached level 5! 😕 HP[+4] MP[+1]
You now have 38 max hp (+5).
You regained 4 hp, and now have 31/38 hp.
Your mp is fully restored (5).
No target in view!
r - a wand of paralysis (10)
Things that are here:
a +0 club; a +0 ring mail; the goblin corpse of Ijyb 😕 HP[+1] No target in view! 😕 HP[+1]
j - 4 scrolls labelled VAPSYVVECO (gained 1) Key pressed, stopping explore.
A kobold comes into view.
It is wielding a +0 short sword and quivering poisoned darts.
The kobold shouts! 😎 HP[+5]
Your hp is fully restored (38).
A kobold is nearby!
A kobold is nearby!
You hit the kobold with your +0 war axe.
You kill the kobold!
Things that are here:
a +0 short sword; 5 poisoned darts No target in view!
Unknown command.
No target in view!
s - a wand of mindburst (15)
You now have 110 gold pieces (gained 10).
j - 5 scrolls labelled VAPSYVVECO (gained 1) Key pressed, stopping explore.
You see here 4 stones.
Found a stone staircase leading down.
There is a stone staircase leading down here.
A scorpion comes into view.
A scorpion is nearby!
A scorpion is nearby!
Found a stone staircase leading up.
You see here a scroll labelled LONWA TUANAE.
You sock the scorpion with your +10 club!
You closely miss the scorpion with your +0 war axe.
The scorpion closely misses you.
You hit the scorpion but do no damage.
You closely miss the scorpion with your +0 war axe.
The scorpion stings you but does no damage. x2
Unknown command.
You sock the scorpion with your +10 club!
You kill the scorpion!
o - 2 scrolls labelled FUHICUFIST (gained 1)
You see here a scorpion corpse.
No target in view!
Unknown command.
You see here a scorpion corpse.
f - 2 scrolls labelled LONWA TUANAE (gained 1)
There is a stone staircase leading up here.
There is a stone staircase leading up here.
Key pressed, stopping explore.
k - 4 cyan potions (gained 1)
You see here a +0 sling.
You see here a +0 sling.
As you open the door, it creaks loudly!
You hear an angry hiss. x2
As you read the scroll labelled LONWA TUANAE, it crumbles to dust.
You assume a fearsome visage.
Nothing appears to happen.
It was a scroll of fear.
A ball python comes into view.
Unknown command.
As you read the scroll labelled NULAXI COULEAC, it crumbles to dust.
The creatures around you are filled with an inner flame!
It was a scroll of immolation.
Unknown command.
As you read the scroll labelled WORAMO WEOMU AFAO, it crumbles to dust.
You feel aware of your surroundings.
You sensed 1 altar.
It was a scroll of revelation.
An adder comes into view.
The ball python barely misses you. x2
You hit the ball python with your +0 war axe.
Flame seeps out of the ball python.
You sock the ball python with your +10 club!
The ball python explodes!
The fiery explosion engulfs you!
You are engulfed in blazing flames.
Ouch! That really hurt!
You die...

Skill      XL: |  1  2  3  4 |
---------------+-------------+-----
Axes           | 4 5 |  5.3
Armour         | 2 |  2.5
Fighting       | |  2.0
Throwing       | |  1.7
Dodging        | |  2.6

Action                     |  1- 3 |  4- 6 || total
---------------------------+-------+-------++-------
  Melee: War axe           |    62 |    37 ||    99
         Club              |       |    14 ||    14
    Use: Scroll            |       |     3 ||     3
 Armour: Leather armour    |    41 |    50 ||    91
  Dodge: Dodged            |    59 |    33 ||    92

Levels and vault maps discovered:
D:1:      psy_arrival_radial01, layout_rooms, minmay_ruptured
D:2:      layout_rooms, minmay_splitting_lines, uniq_sigmund, uniq_jessica
D:3:      layout_basic, dilly_ecumenical_altar_fadedgnrine, uniq_ijyb

Notes
Turn   | Place    | Note
-------+----------+-------------------------------------------
     0 | D:1      | ytrimaz the Coglin Gladiator began the quest for the Orb.
     0 | D:1      | Reached XP level 1. HP: 16/16 MP: 1/1
     0 | D:1      | magus.rc [v1.9.6]
   150 | D:1      | Reached XP level 2. HP: 22/22 MP: 2/2
   196 | D:1      | Reached skill level 4 in Axes
   213 | D:1      | Reached XP level 3. HP: 24/27 MP: 3/3
   388 | D:1      | You add the spells Vhi's Electric Charge, Arcjolt and
                  | Maxwell's Capacitive Coupling to your library.
   644 | D:2      | You pick up a book of Cantrips and begin reading...
   644 | D:2      | You add the spells Sting, Necrotise, Summon Small Mammal
                  | and Apportation to your library.
   689 | D:2      | Reached XP level 4. HP: 33/33 MP: 4/4
   705 | D:2      | Reached skill level 1 in Armour
   843 | D:2      | Noticed Jessica
   854 | D:2      | Killed Jessica
  1153 | D:3      | Noticed Ijyb
  1156 | D:3      | Paralysed by Ijyb for 2 turns
  1164 | D:3      | Killed Ijyb
  1165 | D:3      | Reached skill level 5 in Axes
  1165 | D:3      | Reached skill level 2 in Armour
  1165 | D:3      | Reached XP level 5. HP: 31/38 MP: 5/5
  1407 | D:3      | Engulfed by a cloud of flame

Vanquished Creatures
  A scorpion (D:3)
  Jessica (D:2)
  Ijyb (D:3)
  2 adders (D:2)
  A dart slug (D:2)
  A ribbon worm (D:2)
  An orc (D:3)
  2 endoplasms (D:1)
  3 giant cockroaches
  2 goblins (D:1)
  2 hobgoblins (D:1)
  6 kobolds
  A quokka (D:2)
  4 ball pythons
  3 bats
  8 frilled lizards
  3 rats (D:1)
42 creatures vanquished.

Table legend:
 A = Non-vault XP
 B = Vault XP
 C = Vault XP percentage of total XP
 D = Non-vault monster count
 E = Vault monster count
 F = Vault count percentage of total count
                 A         B        C        D         E       F
            +---------+---------+-------+---------+---------+-------
      Total |     197 |      81 |  29.1 |      37 |       5 |  11.9
            +---------+---------+-------+---------+---------+-------
        D:1 |      45 |       7 |  13.5 |      19 |       3 |  13.6
        D:2 |      63 |      38 |  37.6 |      14 |       1 |   6.7
        D:3 |      89 |      36 |  28.8 |       4 |       1 |  20.0
            +---------+---------+-------+---------+---------+-------

Skill      XL: |  1  2  3  4 |
---------------+-------------+-----
Axes           | 4 5 |  5.3
Armour         | 2 |  2.5
Fighting       | |  2.0
Throwing       | |  1.7
Dodging        | |  2.6

Action                     |  1- 3 |  4- 6 || total
---------------------------+-------+-------++-------
  Melee: War axe           |    62 |    37 ||    99
         Club              |       |    14 ||    14
    Use: Scroll            |       |     3 ||     3
 Armour: Leather armour    |    41 |    50 ||    91
  Dodge: Dodged            |    59 |    33 ||    92

Illustrated notes

Table legend:
 A = Kills in this place as a percentage of kills in the entire game.
 B = Kills by you in this place as a percentage of kills by you in the entire game.
 C = Kills by friends in this place as a percentage of kills by friends in the entire game.
 D = Other kills in this place as a percentage of other kills in the entire game.
 E = Experience gained in this place as a percentage of experience gained in the entire game.
 F = Experience gained in this place divided by the number of levels of this place that you have seen.
                   A       B       C       D       E      F
               +-------+-------+-------+-------+-------+----------------------
         Total | 100.0 | 100.0 |   N/A |   N/A | 100.0 |  92.7
       Dungeon | 100.0 | 100.0 |   N/A |   N/A | 100.0 |  92.7
               +-------+-------+-------+-------+-------+----------------------

Table legend: (Time is in decaauts)
 A = Elapsed time spent in this place.
 B = Non-inter-level travel time spent in this place.
 C = Inter-level travel time spent in this place.
 D = Time resting spent in this place.
 E = Time spent auto-exploring this place.
 F = Levels seen in this place.
 G = Mean time per level.
                   A        B        C        D        E       F      G
               +--------+--------+--------+--------+--------+-----+--------+
         Total |   1512 |   1437 |     75 |      0 |   1057 |   3 |  504.0 |
       Dungeon |   1512 |   1437 |     75 |      0 |   1057 |   3 |  504.0 |
               +--------+--------+--------+--------+--------+-----+--------+

Top non-repeatable levels by time:
     D:1: 568 daAuts
     D:2: 531 daAuts
     D:3: 412 daAuts
